 Dungeon Crawl Stone Soup version 0.29-a0-330-g52719c12eb (webtiles) character file.

Game seed: 17130024087650693735

296 jmlagarto the Skirmisher (level 6, -1/58 HPs)
             Began as a Gargoyle Monk on Apr 14, 2022.
             Was a Plaything of Xom.
             Slain by Pikel
             ... wielding a +0 whip of electrocution
              (7 damage)
             ... on level 4 of the Dungeon.
             The game lasted 00:04:51 (3186 turns).

jmlagarto the Skirmisher (Gargoyle Monk)            Turns: 3186, Time: 00:04:51

Health: -1/58      AC: 13    Str: 16    XL:     6   Next: 34%
Magic:  15/15      EV:  6    Int: 11    God:    Xom [..*...]
Gold:   169        SH: 12    Dex: 12    Spells: 5/5 levels left

rFire   . . .      SeeInvis .   a - +0 mace
rCold   . . .      Faith    .   d - +0 tower shield
rNeg    + . .      Spirit   .   e - +0 scale mail
rPois   ∞          Reflect  .   (no helmet)
rElec   +          Harm     .   (no cloak)
rCorr   +          Rampage  .   t - +0 pair of gloves
Will    .....                   i - +0 pair of boots
Stlth   ..........              k - amulet of the acrobat
HPRegen 0.19/turn               m - ring of magical power
MPRegen 0.14/turn               v - ring of resist corrosion

@: berserking (expiring), hasted, very quick
A: sickness immunity, AC +4, negative energy resistance 1, electricity
resistance, torment resistance 1, petrification resistance
a: Renounce Religion


You were on level 4 of the Dungeon.
You worshipped Xom.
You were a toy of Xom.
You visited 1 branch of the dungeon, and saw 4 of its levels.

You collected 169 gold pieces.

Inventory:

Hand Weapons
 a - a +0 mace (weapon)
Missiles
 b - 5 poisoned darts (quivered)
Armour
 d - a +0 tower shield (worn)
 e - a +0 scale mail (worn)
 i - a +0 pair of boots (worn)
 t - a +0 pair of gloves (worn)
Jewellery
 k - an amulet of the acrobat (around neck)
 m - a ring of magical power (left hand)
 v - a ring of resist corrosion (right hand)
Wands
 r - a wand of paralysis (9)
Scrolls
 f - a scroll of fear {unknown}
 h - 2 scrolls of identify
 q - 2 scrolls of enchant weapon {unknown}
 s - a scroll of blinking {unknown}
Potions
 c - a potion of ambrosia
 g - 2 potions of might {unknown}
 j - a potion of heal wounds
 l - a potion of attraction {unknown}
 n - a potion of resistance {unknown}
 o - 2 potions of magic {unknown}
 p - a potion of lignification
 u - a potion of curing {unknown}


   Skills:
 + Level 4.4 Fighting
 + Level 4.0 Maces & Flails
 + Level 2.5 Armour
 + Level 3.3 Dodging
 - Level 2.4 Stealth
 + Level 2.7 Shields


You had 5 spell levels left.
You didn't know any spells.
Your spell library contained the following spells:

 Spells                   Type           Power      Damage    Failure   Level
 Corpse Rot               Necr/Air       0%         N/A       100%        2
 Poisonous Vapours        Pois/Air       0%         N/A       100%        2


Dungeon Overview and Level Annotations

Branches:
Dungeon (4/15)
 Temple: D:4-7

Altars:
Elyvilon
Fedhas
Xom

Annotations:
D:4 Pikel


Innate Abilities, Weirdness & Mutations

You are immune to sickness and miasma.
Your stone body is resilient. (AC +4)
You are immune to poison.
You resist negative energy. (rN+)
You are resistant to electric shocks. (rElec)
You are resistant to unholy torment.
You are immune to petrification.


Message History

a +0 club; a +0 hunting sling; a goblin corpse You swap places.
Your quasit barely misses Pikel.
Your quasit closely misses Pikel.
Your quasit claws Pikel but does no damage.
Your crimson imp blinks! "Go forth and destroy!"
A red film seems to cover your vision as you go berserk!
You feel yourself moving faster!
You feel mighty! Pikel misses your quasit.
Your quasit closely misses Pikel.
Your quasit claws Pikel but does no damage.
Your quasit barely misses Pikel.
There is a stone staircase leading up here.
Pikel barely misses your quasit.
You swap places.
You feel a strong urge to attack something.
Your quasit bites Pikel but does no damage.
Your quasit barely misses Pikel.
Your quasit completely misses Pikel.
Your crimson imp closely misses the lemure.
Things that are here:
a +0 club; a +0 hunting sling; a goblin corpse You swap places.
Pikel hits you with a +0 whip of electrocution.
* * * LOW HITPOINT WARNING * * *
You completely miss Pikel.
Pikel is severely wounded.
Your crimson imp blinks!
Pikel hits you but does no damage.
You hit Pikel.
Pikel is almost dead.
Your crimson imp barely misses the lemure.
Pikel hits you but does no damage.
You closely miss Pikel.
Pikel is severely wounded.
Your crimson imp hits the lemure.
Pikel hits you but does no damage.
You barely miss Pikel.
Pikel is severely wounded.
Your crimson imp barely misses the lemure.
Pikel hits you with a +0 whip of electrocution!
You die...
Xom chuckles heartily!

# ##. #####
.#..####### ##...# ∆
..........# ....#
..........# #...#
........5.#######...#
..(.....K5##5.......#
...((.((55K@55<.#)†.#
......(.#####.###...#
....((..#.......#..<#
∆
....(...#.......#####
#.......#.......#
(.......#.......#
..##....#.......# (.
..####.####### ..


You could see Pikel (ally target), 3 lemures, a kobold, a friendly quasit
(summoned), a friendly crimson imp (summoned), a friendly white imp (summoned)
and a friendly shadow imp (summoned).

Vanquished Creatures
  Sigmund (D:4)
  A jelly (D:2)
  An orc wizard (D:3)
  An adder (D:3)
  A worm (D:3)
  3 orcs (D:3)
  8 endoplasms
  2 giant cockroaches
  10 hobgoblins
  A quokka (D:2)
  5 ball pythons
  6 bats
  2 frilled lizards
  5 goblins
  5 kobolds
  6 rats
58 creatures vanquished.

Vanquished Creatures (collateral kills)
  A lemure (D:4)
1 creature vanquished.

Grand Total: 59 creatures vanquished

Notes
Turn   | Place    | Note
-------+----------+-------------------------------------------
     0 | D:1      | jmlagarto the Gargoyle Monk began the quest for the Orb.
     0 | D:1      | Reached XP level 1. HP: 14/14 MP: 1/1
   339 | D:1      | Reached XP level 2. HP: 19/19 MP: 2/2
  1026 | D:2      | Reached XP level 3. HP: 23/23 MP: 3/3
  1030 | D:2      | Reached skill level 1 in Armour
  1030 | D:2      | Reached skill level 1 in Shields
  1247 | D:2      | Reached XP level 4. HP: 29/29 MP: 4/4
  1550 | D:2      | Found a faded altar of an unknown god.
  1744 | D:2      | Prayed at the altar of an unknown god.
  1744 | D:2      | Became a worshipper of Xom of Chaos
  1819 | D:2      | XOM: silly message
  1903 | D:3      | XOM: silly message
  2213 | D:3      | Found a white marble altar of Elyvilon.
  2284 | D:3      | XOM: silly message
  2527 | D:3      | XOM: silly message
  2562 | D:3      | XOM: silly message
  2592 | D:3      | Found a blossoming altar of Fedhas.
  2676 | D:3      | Reached XP level 5. HP: 31/33 MP: 5/5
  2847 | D:4      | XOM: noise
  2850 | D:4      | Noticed Sigmund
  2865 | D:4      | XOM: divination: detect items
  2880 | D:4      | Killed Sigmund
  2881 | D:4      | Reached XP level 6. HP: 34/39 MP: 6/6
  2945 | D:4      | Noticed Pikel
  2970 | D:4      | XOM: divination: detect items
  2974 | D:4      | XOM: silly message
  2978 | D:4      | XOM: summons 2 friendly demons
  3158 | D:4      | XOM: summons 2 friendly demons
  3164 | D:4      | XOM: summons 3 friendly demons
  3165 | D:4      | XOM: divination: detect creatures
  3168 | D:4      | XOM: fake destruction
  3172 | D:4      | XOM: potion effect (haste)
  3179 | D:4      | XOM: potion effect (berserk rage)
  3186 | D:4      | Slain by Pikel

Illustrated notes

Levels and vault maps discovered:
D:1:      giann_wishing_wells, layout_loops_ring, minmay_3d_cube
D:2:      layout_loops_cross, hellmonk_ecumenical_altar_leap_of_faith,
          minivault_23
D:3:      layout_loops_ring, mainiacjoe_overflow_tiny_flanked,
          mainiacjoe_overflow_concentric_impassable
D:4:      layout_rooms, cheibrodos_worm_habitat, serial_shops,
          nicolae_shop_advertising_works [nicolae_subvault_shop_adworks],
          minmay_crystal_room, uniq_sigmund, uniq_pikel

Skill      XL: |  1  2  3  4  5 |
---------------+----------------+-----
Armour         | 1 2 |  2.5
Shields        | 1 2 |  2.7
Fighting       | 4 |  4.4
Dodging        | 3 |  3.3
Maces & Flails | 4 |  4.0
Stealth        | |  2.4

Action                   |  1- 3 |  4- 6 || total
-------------------------+-------+-------++-------
Melee: Mace              |    75 |   171 ||   246
Throw: Dart              |     6 |    22 ||    28
Evoke: Wand              |       |     1 ||     1
  Use: Scroll            |       |     1 ||     1
 Stab: Paralysed         |       |     6 ||     6
Armor: Robe              |    16 |       ||    16
       Scale mail        |    33 |   104 ||   137
Dodge: Dodged            |    37 |    46 ||    83
Block: Tower shield      |    23 |    98 ||   121

Table legend: (Time is in decaauts)
 A = Elapsed time spent in this place.
 B = Non-inter-level travel time spent in this place.
 C = Inter-level travel time spent in this place.
 D = Time resting spent in this place.
 E = Time spent auto-exploring this place.
 F = Levels seen in this place.
 G = Mean time per level.
                   A        B        C        D        E       F      G
               +--------+--------+--------+--------+--------+-----+--------+
         Total |   3339 |   3171 |    168 |     61 |   2352 |   4 |  834.8 |
       Dungeon |   3339 |   3171 |    168 |     61 |   2352 |   4 |  834.8 |
               +--------+--------+--------+--------+--------+-----+--------+

Top non-repeatable levels by time:
     D:1: 1012 daAuts
     D:3: 997 daAuts
     D:2: 946 daAuts
     D:4: 382 daAuts
